 Dungeon Crawl Stone Soup version 0.29-a0-322-g68df515428 (webtiles) character file.

Game seed: 421429328372135038

363 zishaf the Caller (level 6, -2/51 HPs)
             Began as a Demigod Summoner on Apr 6, 2022.
             Slain by a black bear (4 damage)
             ... on level 4 of the Dungeon.
             The game lasted 00:08:34 (5158 turns).

zishaf the Caller (Demigod Summoner)                Turns: 5158, Time: 00:08:35

Health: -2/51      AC:  2    Str: 13    XL:     6   Next: 15%
Magic:  4/13       EV: 12    Int: 21    God:
Gold:   171        SH:  0    Dex: 20    Spells: 4/11 levels left

rFire   . . .      SeeInvis .   a - +0 spear
rCold   . . .      Faith    .   (no shield)
rNeg    . . .      Spirit   .   t - +0 robe
rPois   .          Reflect  .   (no helmet)
rElec   .          Harm     .   (no cloak)
rCorr   .          Rampage  .   (no gloves)
Will    +....                   (no boots)
Stlth   ++........              (no amulet)
HPRegen 0.17/turn               u - +6 ring of dexterity
MPRegen 0.13/turn               w - ring of willpower

@: no status effects
A: high MP 1, forlorn, divine attributes
a: no special abilities


You were on level 4 of the Dungeon.
You visited 1 branch of the dungeon, and saw 4 of its levels.

You collected 171 gold pieces.

Inventory:

Hand Weapons
 a - a +0 spear (weapon)
 b - a +0 hunting sling of flaming
 y - a +0 short sword of speed
Missiles
 g - 11 poisoned darts (quivered)
Armour
 s - a +3 scale mail
 t - a +0 robe (worn)
Jewellery
 u - a +6 ring of dexterity (left hand)
 w - a ring of willpower (right hand)
Scrolls
 c - a scroll of enchant weapon {unknown}
 e - a scroll of magic mapping {unknown}
 i - 3 scrolls of identify {unknown}
 j - a scroll of noise {unknown}
 k - a scroll of holy word {unknown}
 l - a scroll of blinking {unknown}
 m - 2 scrolls of teleportation {unknown}
 p - 2 scrolls of torment {unknown}
 r - a scroll of amnesia {unknown}
 v - a scroll of vulnerability {unknown}
Potions
 d - 2 potions of brilliance {unknown}
 f - 2 potions of magic
 h - a potion of attraction {unknown}
 n - a potion of might {unknown}
 o - a potion of berserk rage {unknown}
 q - a potion of haste {unknown}
 x - a potion of heal wounds {unknown}


   Skills:
 + Level 3.2 Fighting
 + Level 0.0 Polearms
 - Level 1.7 Dodging
 - Level 1.7 Stealth
 - Level 3.2 Spellcasting
 + Level 5.0 Summonings
 + Level 1.2 Air Magic


You had 4 spell levels left.
You knew the following spells:

 Your Spells              Type           Power      Damage    Failure   Level
a - Summon Small Mammal   Summ           96%        N/A       1%          1
b - Summon Lightning Spi  Summ/Air       16%        N/A       34%         4
c - Call Imp              Summ           24%        N/A       2%          2

Your spell library contained the following spells:

 Spells                   Type           Power      Damage    Failure   Level
 Call Canine Familiar     Summ           24%        N/A       4%          3
 Summon Guardian Golem    Hex/Summ       14%        N/A       14%         3
 Gell's Gravitas          Tloc           3%         N/A       36%         3
 Lesser Beckoning         Tloc           3%         N/A       36%         3
 Teleport Other           Tloc           3%         N/A       36%         3
 Fireball                 Conj/Fire      1%         3d3       98%         5
 Starburst                Conj/Fire      1%         6d3       100%        6
 Ignition                 Fire           1%         3d3       100%        8


Dungeon Overview and Level Annotations

Branches:
Dungeon (4/15)
 Temple: D:4-7

Annotations:
D:3 2 runed translucent doors, SirDiesAlot's ghost, weakling MiFi


Innate Abilities, Weirdness & Mutations

You have an increased reservoir of magic. (+10% MP)
You shall have no god before yourself.
Your divine heritage dramatically boosts your attributes as you level up.


Message History

A beastly little devil appears in a puff of frigid air.
Your crimson imp disappears in a puff of smoke!
The black bear bites you but does no damage.
The black bear claws you. The black bear barely misses you.
The black bear attacks as you move away!
The black bear bites you. The black bear claws you.
The black bear closely misses you.
Your white imp closely misses the black bear.
The black bear attacks as you move away!
The black bear completely misses you. The black bear barely misses you.
The black bear claws you.
Your white imp barely misses the black bear.
What are your orders? t - Shout!
Orders for allies: a - Attack new target. r - Retreat! s - Stop attacking. g - Guard the area. f - Follow me.
Anything else - Cancel.
Gang up on whom?
Press: ? - help, Dir - move target, f - black bear
Aim: a black bear (lightly wounded, ally target) Attack!
The black bear closely misses you. The black bear claws you. x2
Your white imp hits the black bear but does no damage.
You hit the black bear.
The black bear is moderately wounded.
The black bear bites you.
* * * LOW HITPOINT WARNING * * *
The black bear claws you.
* * * LOW HITPOINT WARNING * * *
The black bear barely misses you.
Your white imp hits the black bear but does no damage.
The black bear bites you.
* * * LOW HITPOINT WARNING * * *
The black bear claws you.
* * * LOW HITPOINT WARNING * * *
The black bear claws you.
* * * LOW HITPOINT WARNING * * *
The black bear attacks as you move away!
The black bear bites you.
You die...

#.....# #.# #.#.#)## #.#
#.#....##########.###
#.##.#.##...........# #
####.##.#.....######.#.##
..
..##.##..ยง##..#....#....#
.#
#.##.###..##.5.....#.#.##
.###.##......###h#.####.#.#
.....#####..># #@#.# #(#.#
...........### #.#.####.#.#
...).####### #.#......#.#
.....# ..########.# .....#
#. ############.##
.....#####.#
#.............#
.....#.....#
#.#############
.#####.....# #.# .# #.....#
#.#


You could see a black bear (ally target) and a friendly white imp (summoned).

Vanquished Creatures
  An iguana (D:3)
  A dart slug (D:2)
  An orc (D:4)
  An endoplasm (D:3)
  2 giant cockroaches
  3 goblins
  5 hobgoblins
  7 jackals
  6 kobolds
  A ball python (D:3)
  2 bats (D:1)
  3 frilled lizards (D:1)
  4 rats
37 creatures vanquished.

Vanquished Creatures (collateral kills)
  Sigmund (D:2)
  Terence (D:2)
  3 gnolls (D:4)
  4 adders
  A worm (D:4)
  2 dart slugs
  An orc (D:3)
  An endoplasm (D:1)
  A goblin (D:1)
  3 hobgoblins (D:3)
  7 jackals
  A ball python (D:1)
  A bat (D:1)
  2 kobolds
  2 rats
31 creatures vanquished.

Grand Total: 68 creatures vanquished

Notes
Turn   | Place    | Note
-------+----------+-------------------------------------------
     0 | D:1      | zishaf the Demigod Summoner began the quest for the Orb.
     0 | D:1      | Reached XP level 1. HP: 14/14 MP: 5/5
   695 | D:1      | Reached XP level 2. HP: 21/22 MP: 7/7
   748 | D:1      | Learned a level 2 spell: Call Imp
   827 | D:1      | Reached skill level 1 in Fighting
  1383 | D:1      | Reached skill level 4 in Summonings
  1384 | D:1      | Reached XP level 3. HP: 15/28 MP: 7/9
  2520 | D:2      | Noticed Sigmund
  2555 | D:2      | Killed Sigmund
  2556 | D:2      | Reached XP level 4. HP: 6/37 MP: 4/11
  2556 | D:2      | Reached XP level 5. HP: 7/42 MP: 4/12
  3055 | D:3      | Noticed Terence
  3098 | D:3      | HP: 1/44 [iguana (2)]
  3420 | D:2      | Learned a level 4 spell: Summon Lightning Spire
  3447 | D:2      | HP: 2/44 [Terence/+0 mace (6)]
  3452 | D:2      | Killed Terence
  4115 | D:3      | Reached skill level 1 in Air Magic
  4115 | D:3      | Reached XP level 6. HP: 46/51 MP: 13/13
  4213 | D:3      | Found a large runed translucent door.
  4214 | D:3      | Found a large runed translucent door.
  4216 | D:3      | Noticed SirDiesAlot's ghost (weakling MiFi)
  4623 | D:4      | Reached skill level 5 in Summonings
  5157 | D:4      | HP: 2/51 [black bear (2)]
  5158 | D:4      | Slain by a black bear

Illustrated notes

Levels and vault maps discovered:
D:1:      psy_arrival_dodecagon, layout_basic, serial_rivers,
          chequers_serial_rivers_large_a, chequers_serial_rivers_large_b,
          chequers_serial_rivers_small_b, chequers_serial_rivers_micro_c,
          chequers_serial_rivers_room_a, shapermc_ecumenical_altar_mp_highgroup,
          minmay_indecisive_spiral
D:2:      layout_loops_cross, basic_altar, uniq_sigmund
D:3:      layout_rooms, ebering_ghost_disaster_area,
          minmay_randomly_rotated_circles, uniq_terence
D:4:      layout_basic, nicolae_ru_awakened_eye,
          minmay_temple_entry_antechambers

Skill      XL: |  1  2  3  4  5  6 |
---------------+-------------------+-----
Spellcasting   | 2 3 |  3.2
Fighting       | 1 2 3 |  3.2
Summonings     | 4 5 |  5.0
Air Magic      | 1 |  1.2
Dodging        | |  1.7
Stealth        | |  1.7

Action                   |  1- 3 |  4- 6 || total
-------------------------+-------+-------++-------
Melee: Club              |    19 |       ||    19
       Dagger            |   104 |    37 ||   141
       Unarmed           |     7 |       ||     7
       Short sword       |       |    39 ||    39
       Spear             |       |     7 ||     7
 Fire: Hunting sling     |       |     1 ||     1
Throw: Dart              |       |     2 ||     2
 Cast: Summon Small Mamm |     2 |     1 ||     3
       Call Imp          |    12 |    26 ||    38
 Stab: Sleeping          |     1 |     3 ||     4
       Distracted        |     1 |     1 ||     2
Armor: Robe              |    30 |    14 ||    44
Dodge: Dodged            |   124 |    74 ||   198

Table legend: (Time is in decaauts)
 A = Elapsed time spent in this place.
 B = Non-inter-level travel time spent in this place.
 C = Inter-level travel time spent in this place.
 D = Time resting spent in this place.
 E = Time spent auto-exploring this place.
 F = Levels seen in this place.
 G = Mean time per level.
                   A        B        C        D        E       F      G
               +--------+--------+--------+--------+--------+-----+--------+
         Total |   5197 |   4986 |    211 |   1343 |   2756 |   4 | 1299.2 |
       Dungeon |   5197 |   4986 |    211 |   1343 |   2756 |   4 | 1299.2 |
               +--------+--------+--------+--------+--------+-----+--------+

Top non-repeatable levels by time:
     D:1: 1962 daAuts
     D:2: 1827 daAuts
     D:3: 1111 daAuts
     D:4: 295 daAuts
